 Dungeon Crawl Stone Soup version 0.28.0-45-g0d030f2227 (webtiles) character file.

Game seed: 4398774434573250998

24 L33tCrusader the Stinger (level 2, 0/19 HPs)
             Began as a Demonspawn Venom Mage on Apr 12, 2022.
             Slain by a goblin
             ... wielding a +2 dagger of venom
              (1 damage)
             ... on level 1 of the Dungeon.
             The game lasted 00:06:44 (840 turns).

L33tCrusader the Stinger (Demonspawn Venom Mage)     Turns: 840, Time: 00:06:46

Health: 0/19       AC:  2    Str:  8    XL:     2   Next: 79%
Magic:  0/5        EV: 12    Int: 16    God:
Gold:   24         SH:  0    Dex: 13    Spells: 2/5 levels left

rFire   + . .      SeeInvis .   (no weapon)
rCold   + . .      Faith    .   (no shield)
rNeg    . . .      Spirit   .   a - +0 robe
rPois   .          Reflect  .   (no helmet)
rElec   .          Harm     .   b - scarf {rC+ rF+}
rCorr   .          Rampage  .   (no gloves)
Will    .....                   (no boots)
Stlth   ++........              (no amulet)
HPRegen 0.06/turn               (no ring)
MPRegen 0.09/turn               (no ring)

@: no status effects
A: powered by pain 1
a: no special abilities


You were on level 1 of the Dungeon.
You visited 1 branch of the dungeon, and saw 1 of its levels.

You collected 24 gold pieces.

Inventory:

Armour
 a - a +0 robe (worn)
 b - a scarf of resistance (worn)
Scrolls
 c - a scroll of teleportation {unknown}


   Skills:
 + Level 2.1 Dodging
 + Level 2.0 Stealth
 + Level 2.2 Spellcasting
 + Level 1.2 Transmutations
 * Level 3.3 Poison Magic


You had 2 spell levels left.
You knew the following spells:

 Your Spells              Type           Power      Damage    Failure   Level
a - Sting                 Tmut/Pois      36%        1d4       8%          1
b - Poisonous Vapours     Pois/Air       14%        N/A       16%         2

Your spell library contained the following spells:

 Spells                   Type           Power      Damage    Failure   Level
 Mephitic Cloud           Conj/Pois/Air  5%         N/A       36%         3
 Olgreb's Toxic Radiance  Pois           12%        N/A       45%         4


Dungeon Overview and Level Annotations

Branches:
Dungeon (1/15)

Altars:


Innate Abilities, Weirdness & Mutations

You sometimes gain a little power by taking damage.


Message History

Confirm with . or Enter, or press ? or * to list all spells.
You don't have enough magic to cast this spell.
Unknown command.
You miss the bat. The bat hits you but does no damage.
The jackal bites you but does no damage.
The jackal closely misses you. The bat barely misses you.
You barely miss the bat. The bat hits you but does no damage.
The jackal bites you.
Casting: Poisonous Vapours (safe; 16% risk of failure)
Confirm with . or Enter, or press ? or * to list all spells.
Aiming: Poisonous Vapours (safe; 16% risk of failure)
Press: ? - help, Dir - move target, f/p - jackal
Aim: a jackal Poisonous vapours surround the jackal!
The jackal is poisoned.
The jackal bites you. The bat hits you.
* * * LOW HITPOINT WARNING * * *
The jackal closely misses you.
You closely miss the bat. The bat barely misses you.
The jackal closely misses you. The bat hits you.
* * * LOW HITPOINT WARNING * * *
You barely miss the bat. The bat barely misses you.
The jackal closely misses you. The jackal bites you.
* * * LOW HITPOINT WARNING * * *
You kill the jackal!
The bat misses you.
Casting: Poisonous Vapours (safe; 16% risk of failure)
Confirm with . or Enter, or press ? or * to list all spells.
You don't know that spell.
The bat misses you.
You hit the bat but do no damage. Your punch misses the bat.
The bat closely misses you. The bat misses you. The bat closely misses you.
The bat barely misses you. The bat misses you.
You hit the bat.
The bat is moderately wounded.
The bat hits you.
* * * LOW HITPOINT WARNING * * *
The bat barely misses you.
The goblin hits you with a +2 dagger of venom.
You die...

# # # #
#####################
#>.b@g..†............
#.###################
#### # #..# # #..####
# #...).#
#.##.##.#############
#....................
######...#########.##


You could see a goblin and a bat.

Vanquished Creatures
  2 giant cockroaches (D:1)
  2 hobgoblins (D:1)
  3 jackals (D:1)
  3 kobolds (D:1)
  4 quokkas (D:1)
  2 bats (D:1)
  3 goblins (D:1)
  A rat (D:1)
20 creatures vanquished.

Notes
Turn   | Place    | Note
-------+----------+-------------------------------------------
     0 | D:1      | L33tCrusader the Demonspawn Venom Mage began the quest for
                  | the Orb.
     0 | D:1      | Reached XP level 1. HP: 13/13 MP: 3/3
   134 | D:1      | Reached skill level 1 in Transmutations
   309 | D:1      | Gained mutation: You sometimes gain a little power by
                  | taking damage. [demonic ancestry]
   309 | D:1      | Reached XP level 2. HP: 19/19 MP: 3/5
   398 | D:1      | Learned a level 2 spell: Poisonous Vapours
   840 | D:1      | Slain by a goblin

Illustrated notes

Levels and vault maps discovered:
D:1:      minmay_arrival_widening_spiral_wide, layout_basic,
          minmay_shallow_snake_nest

Skill      XL: |  1  2 |
---------------+-------+-----
Transmutations | 1 |  1.2
Dodging        | 2 |  2.1
Stealth        | 2 |  2.0
Spellcasting   | |  2.2
Poison Magic   | |  3.3

Action                   || total
-------------------------++-------
Melee: Unarmed           ||     9
 Cast: Sting             ||    31
       Poisonous Vapours ||     1
Armor: Robe              ||    12
Dodge: Dodged            ||    42
